 Dungeon Crawl Stone Soup version 0.24-a0-180-g654ca03 (console) character file.

Game seed: 1730225918166188658

19914 giantbat the Blocker (level 13, -7/103 HPs)
             Began as a Formicid Fighter on Mar 13, 2019.
             Was a Believer of Qazlal.
             Mangled by a white ugly thing (28 damage)
             ... on level 12 of the Dungeon.
             The game lasted 00:36:31 (15561 turns).

giantbat the Blocker (Formicid Fighter)            Turns: 15561, Time: 00:36:32

Health: -7/103     AC: 16    Str: 25    XL:     13   Next: 8%
Magic:  20/20      EV: 10    Int:  9    God:    Qazlal [**....]
Gold:   672        SH: 15    Dex: 10    Spells: 12/12 levels left

rFire    + + .     SeeInvis +   a - +2 demon trident (vamp)
rCold    . . .     Gourm    .   h - +0 shield {rN+}
rNeg     + . .     Faith    +   o - +2 chain mail {rF+}
rPois    +         Spirit   .   (helmet unavailable)
rElec    .         Reflect  .   q - +1 cloak
rCorr    .         Harm     .   j - +0 pair of gloves
MR       +....                  (no boots)
Stlth    ..........             w - amulet of faith
HPRegen  0.27/turn              r - ring of protection from fire
MPRegen  0.17/turn              d - ring of poison resistance

@: no status effects
A: permanent stasis, dig shafts and tunnels, four strong arms, antennae 3
a: Dig, Shaft Self, Upheaval, Renounce Religion


You were on level 12 of the Dungeon.
You worshipped Qazlal.
Qazlal was pleased with you.
You were not hungry.

You visited 1 branch of the dungeon, and saw 12 of its levels.

You collected 672 gold pieces.

Inventory:

Hand Weapons
 a - a +2 vampiric demon trident (weapon)
 g - a +0 quarterstaff
Armour
 c - a +1 scale mail of fire resistance
 h - a +0 shield of positive energy (worn)
 j - a +0 pair of gloves (worn)
 o - a +2 chain mail of fire resistance (worn)
 q - a +1 cloak (worn)
Jewellery
 d - a ring of poison resistance (right hand)
 r - a ring of protection from fire (left hand)
 u - an uncursed amulet of the gourmand
 w - an amulet of faith (around neck)
Wands
 b - a wand of polymorph (7)
 n - a wand of flame (38)
 v - a wand of scattershot (5)
 y - a wand of paralysis (11)
Scrolls
 e - 6 scrolls of remove curse
 k - 2 scrolls of identify
 l - 2 scrolls of fear
 m - 3 scrolls of fog
 s - a scroll of enchant armour
 B - 2 scrolls of enchant weapon {unknown}
Potions
 i - 2 potions of curing
 p - 3 potions of mutation
 t - a potion of might
 x - 3 potions of lignification
 z - 2 potions of resistance
Comestibles
 f - 24 rations
 A - 6 chunks of flesh


   Skills:
 - Level 10.0 Fighting
 + Level 10.0(11.3) Polearms
 - Level 9.0(10.9) Staves
 - Level 7.1 Armour
 - Level 4.0 Dodging
 - Level 10.0 Shields
 - Level 10.0 Invocations


You had 12 spell levels left.
You didn't know any spells.
Your spell library contained the following spells:

 Spells                   Type           Power        Failure   Level  Hunger
 Animate Skeleton         Necr           N/A          93%         1    ##.....
 Apportation              Tloc           #.....       93%         1    ##.....
 Beastly Appendage        Tmut           #.....       93%         1    ##.....
 Confusing Touch          Hex            #.....       93%         1    ##.....
 Magic Dart               Conj           #...         93%         1    ##.....
 Sandblast                Erth           #.....       93%         1    ##.....
 Summon Small Mammal      Summ           #...         93%         1    ##.....
 Call Imp                 Summ           #.......     98%         2    ###....
 Passwall                 Tmut/Erth      #.......     98%         2    ###....
 Slow                     Hex            #.......     98%         2    ###....
 Sticks to Snakes         Tmut           #.......     98%         2    ###....
 Confuse                  Hex            #.......     100%        3    ####...
 Conjure Flame            Conj/Fire      #.......     100%        3    ####...
 Gell's Gravitas          Tloc           #.........   100%        3    ####...
 Mephitic Cloud           Conj/Pois/Air  #.......     100%        3    ####...
 Spider Form              Tmut/Pois      #.........   100%        3    ####...
 Stone Arrow              Conj/Erth      #.....       100%        3    ####...
 Ice Form                 Ice/Tmut       #.......     100%        4    #####..
 Petrify                  Tmut/Erth      #.......     100%        4    #####..
 Blade Hands              Tmut           #.........   100%        5    ######.
 Bolt of Magma            Conj/Fire/Erth #.........   100%        5    ######.
 Iskenderun's Battlesphe  Conj/Chrm      #.......     100%        5    ######.
 Lee's Rapid Deconstruct  Erth           #.........   100%        5    ######.
 Metabolic Englaciation   Hex/Ice        #.........   100%        5    ######.
 Venom Bolt               Conj/Pois      #.........   100%        5    ######.
 Yara's Violent Unravell  Hex/Tmut       #.........   100%        5    ######.
 Iron Shot                Conj/Erth      #.........   100%        6    #######
 Orb of Destruction       Conj           #.........   100%        7    #######
 Spellforged Servitor     Conj/Summ      #.........   100%        7    #######
 Blink                    Tloc           Unusable     N/A         2    N/A

Dungeon Overview and Level Annotations

Branches:
Dungeon (12/15)            Temple (0/1) D:6            Lair (0/6) D:8
    Orc (0/2) D:10

Altars:
Fedhas
Hepliaklqana
Kikubaaqudgha
Okawaru
Qazlal
Sif Muna
Vehumet
Xom
Yredelemnul
Zin

Shops:
D:9 *

Annotations:
D:11 2 runed translucent doors, barkas's ghost, journeyman KoWn


Innate Abilities, Weirdness & Mutations

You cannot be hasted, slowed, berserked, paralysed or teleported.
You can dig through walls and to a lower floor.
Your four strong arms can wield two-handed weapons with a shield.
You have a pair of large antennae on your head. (SInv)


Message History

You dig through the rock wall.
A white ugly thing comes into view.
The white ugly thing gurgles horribly!
You retract your mandibles.
The white ugly thing gores you. The white ugly thing freezes you!!
* * * LOW HITPOINT WARNING * * *
You block the white ugly thing's attack.
The skeletal warrior hits you from afar with a +0 halberd.
* * * LOW HITPOINT WARNING * * *
The white ugly thing is engulfed in freezing vapours.
The white ugly thing is engulfed in blazing flames.
The skeletal warrior is engulfed in blazing flames.
Okay, then.
Unknown command.
Unknown command.
Unknown command.
The white ugly thing gores you.
* * * LOW HITPOINT WARNING * * *
The white ugly thing freezes you!!
You die...

...........#####............
####.......# #.)..######..
## #.......# #....#
.###.......# #....#
#.##.......# #....#
##.#.......# #....#
...........# #....######
##........z#####..........
#.........z.z.u@.........
#..........######........
#..........#....'........
#..........#....'.....###
............#....#.....#
...######...######.....#
####....#.......<......#
........'..............#
........#############..#


You could see a white ugly thing and 3 skeletal warriors.

Vanquished Creatures
  Harold (D:11)
  2 hydras
  3 two-headed ogres
  A tengu warrior (D:10)
  3 slime creatures (D:11)
  A skeletal warrior (D:11)
  3 unseen horrors
  An ugly thing (D:11)
  5 manticores
  A cyclops (D:11)
  Psyche (D:8)
  3 centaur skeletons (D:11)
  A gargoyle (D:12)
  2 trolls
  A polar bear (D:10)
  2 hippogriffs
  Sigmund (D:6)
  A wyvern (D:12)
  A human (D:11)
  Eustachio (D:6)
  Grum (D:8)
  11 yaks
  2 basilisks (D:8)
  A soldier ant (D:11)
  2 water moccasins
  Duvessa (D:5)
  2 orc warriors (D:9)
  3 ice beasts (D:10)
  A sky beast (D:5)
  A black bear (D:11)
  A necrophage (D:7)
  An eye of draining (D:11)
  An ogre (D:4)
  6 centaurs
  2 wolves (D:8)
  A big kobold (D:11)
  6 bullfrogs
  Dowan (D:5)
  A wyvern zombie (D:10)
  A scorpion (D:10)
  A vampire bat (D:4)
  4 howler monkeys
  10 crimson imps
  3 bullfrog zombies
  2 jellies (D:9)
  4 hounds
  6 orc priests
  22 orc wizards
  3 iguanas
  7 worker ants
  A killer bee zombie (D:10)
  2 hound skeletons
  A worker ant zombie (D:8)
  14 gnolls
  13 adders
  3 shadow imps
  A white imp (D:10)
  An ufetubus (D:10)
  An ooze (D:4)
  An adder zombie (D:5)
  2 adder skeletons
  A worm (D:3)
  2 dart slugs
  An adder simulacrum (D:10)
  12 leopard geckos
  24 orcs
  3 giant cockroaches
  8 hobgoblins
  20 jackals
  15 kobolds
  7 quokkas
  2 ball pythons
  13 bats
  7 frilled lizards
  4 goblins
  A jackal zombie (D:7)
  7 rats
310 creatures vanquished.

Notes
Turn   | Place    | Note
-------+----------+-------------------------------------------
     0 | D:1      | giantbat the Formicid Fighter began the quest for the Orb.
     0 | D:1      | Reached XP level 1. HP: 18/18 MP: 1/1
   277 | D:1      | Reached XP level 2. HP: 21/24 MP: 2/2
   538 | D:1      | Reached XP level 3. HP: 23/29 MP: 3/3
  1413 | D:2      | Reached XP level 4. HP: 34/35 MP: 4/4
  1437 | D:2      | Reached skill level 5 in Staves
  1437 | D:2      | Reached XP level 5. HP: 41/41 MP: 5/5
  2437 | D:2      | Reached XP level 6. HP: 22/47 MP: 6/6
  2919 | D:3      | Found an ancient bone altar of Kikubaaqudgha.
  2920 | D:3      | Found a stormy altar of Qazlal.
  2920 | D:3      | Found a radiant altar of Vehumet.
  2929 | D:3      | Became a worshipper of Qazlal Stormbringer
  3079 | D:4      | Noticed an ogre
  3243 | D:4      | Killed an ogre
  3243 | D:4      | Reached skill level 5 in Fighting
  3243 | D:4      | Reached XP level 7. HP: 45/56 MP: 7/7
  4012 | D:4      | Reached * piety under Qazlal
  4219 | D:5      | Entered Level 5 of the Dungeon
  4297 | D:5      | Reached XP level 8. HP: 67/67 MP: 8/8
  4531 | D:5      | Noticed Duvessa
  4550 | D:5      | Killed Duvessa
  4725 | D:5      | Noticed Dowan
  4754 | D:5      | Killed Dowan
  5315 | D:5      | Found a shimmering altar of Xom.
  5379 | D:6      | Noticed a two-headed ogre
  5508 | D:6      | Reached XP level 9. HP: 46/72 MP: 9/9
  5628 | D:6      | Found a hazy altar of Hepliaklqana.
  5628 | D:6      | Found an iron altar of Okawaru.
  5763 | D:6      | Noticed Eustachio
  5816 | D:6      | Killed Eustachio
  5816 | D:6      | Reached ** piety under Qazlal
  5821 | D:6      | Reached skill level 5 in Shields
  6715 | D:6      | Found a staircase to the Ecumenical Temple.
  6830 | D:6      | Noticed Sigmund
  7291 | D:7      | Found a basalt altar of Yredelemnul.
  7382 | D:7      | Found a shimmering altar of Xom.
  7608 | D:7      | Found a deep blue altar of Sif Muna.
  7891 | D:7      | Found a blossoming altar of Fedhas.
  8131 | D:8      | Noticed an unseen horror
  8175 | D:8      | Killed an unseen horror
  8175 | D:8      | Reached skill level 10 in Shields
  8175 | D:8      | Reached XP level 10. HP: 52/79 MP: 10/10
  8204 | D:8      | Reached skill level 1 in Invocations
  8303 | D:8      | Reached skill level 5 in Invocations
  8325 | D:8      | Found a staircase to the Lair.
  8882 | D:8      | Noticed Grum
  8907 | D:8      | Killed Grum
  9070 | D:8      | Noticed Psyche
  9085 | D:8      | Killed Psyche
  9314 | D:8      | Noticed a two-headed ogre
  9356 | D:8      | Killed a two-headed ogre
  9958 | D:6      | Killed Sigmund
  9958 | D:6      | Reached skill level 10 in Invocations
 10192 | D:9      | Reached XP level 11. HP: 84/84 MP: 18/18
 10212 | D:9      | Noticed a two-headed ogre
 10221 | D:9      | Killed a two-headed ogre
 10221 | D:9      | Reached skill level 5 in Armour
 10294 | D:9      | Found Zin's Purification Station.
 10301 | D:9      | Found a glowing silver altar of Zin.
 11774 | D:10     | Entered Level 10 of the Dungeon
 11998 | D:10     | Found a staircase to the Orcish Mines.
 12645 | D:11     | Noticed a five-headed hydra
 12646 | D:11     | Noticed a tengu warrior
 12647 | D:11     | Noticed a manticore
 12665 | D:10     | Killed a five-headed hydra
 12936 | D:11     | Noticed a manticore
 12959 | D:10     | Killed a tengu warrior
 12959 | D:10     | Reached skill level 10 in Fighting
 13296 | D:11     | Noticed an eight-headed hydra
 13296 | D:11     | Noticed a lich
 13296 | D:11     | Noticed barkas's ghost (journeyman KoWn)
 13297 | D:11     | Noticed a necromancer
 13297 | D:11     | Noticed a yaktaur captain
 13297 | D:11     | Noticed a deep troll earth mage
 13335 | D:11     | Noticed Harold
 13353 | D:11     | Killed Harold
 13598 | D:11     | Killed a manticore
 13598 | D:11     | Reached XP level 12. HP: 72/97 MP: 19/19
 13708 | D:11     | Found a runed translucent door.
 13723 | D:11     | Noticed an unseen horror
 13731 | D:11     | Killed an unseen horror
 13731 | D:11     | Reached skill level 5 in Polearms
 13821 | D:11     | Noticed a six-headed hydra
 13827 | D:11     | Killed a six-headed hydra
 13881 | D:11     | Noticed an unseen horror
 13924 | D:11     | Killed an unseen horror
 14148 | D:11     | Reached skill level 1 in Dodging
 14301 | D:11     | Found a runed translucent door.
 14990 | D:12     | Noticed a skeletal warrior
 15032 | D:11     | Killed a skeletal warrior
 15265 | D:11     | Reached XP level 13. HP: 57/103 MP: 20/20
 15498 | D:12     | Reached skill level 10 in Polearms
 15561 | D:12     | Mangled by a white ugly thing

Levels and vault maps discovered:
D:1:      dpeg_arrival_pits, layout_basic, hangedman_decor_lopped
D:2:      layout_rooms
D:3:      layout_rooms, gammafunk_temple_overflow_forgotten
D:4:      layout_rooms, roderic_batcave
D:5:      layout_basic, first_ration, basic_altar, uniq_duvessa
D:6:      layout_rooms, chequers_temple_overflow_statue_of_worship,
          minmay_temple_entry_tees, zaba_anthole, uniq_eustachio, uniq_sigmund
D:7:      layout_basic, xom_teletrap_fun, yredelemnul_altar_generic,
          lemuel_crystal_altar, nicolae_overflow_crystal_walls
D:8:      minmay_flawed_box, layout_basic, david_lair_generic,
          serial_co_window_serial, co_window_paths_a, co_window_corner_a,
          co_window_paths_b, co_window_paths_a, co_window_corner_a,
          co_window_unsneaky_path_d, co_window_cross_4, co_window_broadway_c,
          co_window_paths_d, glass_columns_a, glass_columns_a, glass_columns_a,
          glass_columns_b, uniq_grum, uniq_psyche
D:9:      layout_irregular_city, zin_purify
D:10:     layout_stronghold, orc_0_dummy, serial_ice, serial_ice_k,
          serial_ice_c, serial_ice_f, serial_ice_b
D:11:     layout_roguey, muffindrake_ghost_dual_entry, grunt_pizzeria,
          minmay_checkerbox, uniq_harold
D:12:     layout_irregular_city, uniq_maurice

Skill      XL: |  1  2  3  4  5  6  7  8  9 10 11 12 13 |
---------------+----------------------------------------+-----
Staves         | 3 4 5 6 8 9 |  9.0
Fighting       | 5 7 10 | 10.0
Shields        | 10 | 10.0
Invocations    | 10 | 10.0
Armour         | 7 |  7.1
Polearms       | 4 9 10 | 10.0
Dodging        | 4 |  4.0

Action                   |  1- 3 |  4- 6 |  7- 9 | 10-12 | 13-15 || total
-------------------------+-------+-------+-------+-------+-------++-------
Melee: Quarterstaff      |   143 |   191 |   462 |   346 |       ||  1142
       Demon trident     |       |       |       |   401 |    23 ||   424
       Unarmed           |       |       |       |     7 |       ||     7
Invok: Upheaval          |       |       |     1 |    15 |       ||    16
 Abil: Dig               |     3 |     3 |     6 |    13 |     1 ||    26
  Use: Scroll            |       |     3 |     7 |     9 |       ||    19
       Potion            |       |       |     1 |     8 |       ||     9
  Eat: Chunk             |     2 |     7 |    23 |    28 |       ||    60
Armor: Scale mail        |    48 |   118 |   124 |    31 |       ||   321
       Chain mail        |       |       |       |   166 |     4 ||   170
Dodge: Dodged            |    39 |    91 |   103 |   126 |     4 ||   363
Block: Shield            |    71 |   125 |   237 |   407 |    12 ||   852

Table legend:
 A = Non-vault XP
 B = Vault XP
 C = Vault XP percentage of total XP
 D = Non-vault monster count
 E = Vault monster count
 F = Vault count percentage of total count
                 A         B        C        D         E       F
            +---------+---------+-------+---------+---------+-------
      Total |   22297 |    6152 |  21.6 |     264 |      46 |  14.8
            +---------+---------+-------+---------+---------+-------
        D:1 |      50 |       0 |   0.0 |      30 |       0 |   0.0
        D:2 |     233 |       0 |   0.0 |      32 |       0 |   0.0
        D:3 |     125 |       3 |   2.3 |      17 |       2 |  10.5
        D:4 |     343 |      62 |  15.3 |      16 |       6 |  27.3
        D:5 |     843 |     223 |  20.9 |      29 |       2 |   6.5
        D:6 |     553 |     507 |  47.8 |      14 |       5 |  26.3
        D:7 |     479 |       0 |   0.0 |      14 |       0 |   0.0
        D:8 |    2979 |    2067 |  41.0 |      22 |      18 |  45.0
        D:9 |    2566 |       0 |   0.0 |      34 |       0 |   0.0
       D:10 |    1287 |    1510 |  54.0 |      14 |       8 |  36.4
       D:11 |   11393 |    1780 |  13.5 |      37 |       5 |  11.9
       D:12 |    1446 |       0 |   0.0 |       5 |       0 |   0.0
            +---------+---------+-------+---------+---------+-------
